Workbook

Sheet ARDTIP27 Invoice Request Form
B1: ARDTIP27 Invoice Request Form
B2: To complete this form, you will need a copy of your NRCS-CPA-115 Form (Conservation Plan or Schedule of Operations). You can obtain this form by contacting your local NRCS office and speaking to your District Conservationist.
B5: Instructions: You only need to enter information in YELLOW boxes, and you will not be able to select any cells in this sheet except for ones colored yellow. All data required for this form can be found on your NRCS-CPA-1155 form, except for the STATUS column. See an example form on the right. Use the red, numbered boxes as a guide for where to find the required information. Once you have completed this form, save a copy and email it to matthew.boucher@maine.gov along with copies of all NRCS-CPA-1155 forms and any available NRCS-CPA-1245 forms (you may not have NRCS-CPA-1245 forms and that is ok). Remember, you may not receive the full amount requested, and some amount of the requested TIP payment may be paid out over the life of the contract.
B7: Contract Number: Enter the number in BOX 1.
B8: Contract Item: Enter the number in BOX 2.
B9: Code: Click on the yellow cell in the Code column below, then click the dropdown arrow that appears. Select the code to match BOX 3. If the code you are looking for is not in the dropdown menu, then that code is not elgibile for TIP.
B10: Status: Click on the yellow cell in the Status column, then click the dropdown arrow that appears. If you have already completed this contract item, select 'Completed'. If you have not completed this contract item, select 'Planned'. If a contract item is completed, then you will have an NRCS-CPA-1245 form for that contract item, and you will need to submit that form with your application | R10: Requested TIP Payment
B11: Year: Enter the year the contract item is scheduled to be completed, as indicated in BOX 4. The year a contract item is planned will have a number in the box below it. | R11: =SUM(Q19:Q100) -> 0
B12: HU?: If your contract has an 'HU' in BOX 5, then click on the yellow cell in the HU? column, then click the dropdown arrow that appears, and select 'Yes'. Select 'No' if the HU designation is NOT on your contract.
B13: Planned Amount: Enter the number found in BOX 6.
B14: Unit Cost: Enter the number found in BOX 7.
B16: Contract Number | C16: Contract Item | D16: CODE | E16: PRACTICE | F16: Units | G16: Status | H16: Year | I16: Advance | J16: HU? | K16: Planned Amount | L16: Unit Cost | M16: Multiplier | N16: Total Cost/Unit | O16: Total Scenario Cost | P16: Payout from NRCS | Q16: Estimated Payment
B17: EXAMPLE | C17: 3 | D17: 590 | E17: =IF(D17="","",_xlfn.XLOOKUP(D17, 'Eligible Practice Codes'!A8:A80, 'Eligible Practice Codes'!B8:B80, "Not Found")) -> Nutrient Management | F17: =IF(D17="","",_xlfn.XLOOKUP(D17, 'Eligible Practice Codes'!A8:A80, 'Eligible Practice Codes'!C8:C80, "Not Found")) -> Num/Ac/kSqFt | G17: Planned | H17: 2026 | I17: =IF(G17="Planned", "Yes", "No") -> Yes | J17: Yes | K17: 59.5 | L17: 37.45 | M17: =IF(J17="Yes", 0.9, 0.75) -> 0.9 | N17: =L17/M17 -> 41.611111 | O17: =N17*K17 -> 2475.8611 | P17: =L17*K17 -> 2228.275 | Q17: =O17-P17 -> 247.58611
B18: EXAMPLE | C18: 4 | D18: 315 | E18: =IF(D18="","",_xlfn.XLOOKUP(D18, 'Eligible Practice Codes'!A9:A81, 'Eligible Practice Codes'!B9:B81, "Not Found")) -> Herbaceous Weed Treatment | F18: =IF(D18="","",_xlfn.XLOOKUP(D18, 'Eligible Practice Codes'!A9:A81, 'Eligible Practice Codes'!C9:C81, "Not Found")) -> Ac | G18: Planned | H18: 2026 | I18: =IF(G18="Planned", "Yes", "No") -> Yes | J18: Yes | K18: 27.7 | L18: 69.22 | M18: =IF(J18="Yes", 0.9, 0.75) -> 0.9 | N18: =L18/M18 -> 76.911111 | O18: =N18*K18 -> 2130.4378 | P18: =L18*K18 -> 1917.394 | Q18: =O18-P18 -> 213.04378
E19: =IF(D19="","",_xlfn.XLOOKUP(D19, 'Eligible Practice Codes'!A10:A82, 'Eligible Practice Codes'!B10:B82, "Not Found")) | F19: =IF(D19="","",_xlfn.XLOOKUP(D19, 'Eligible Practice Codes'!A10:A82, 'Eligible Practice Codes'!C10:C82, "Not Found")) | G19: Planned | H19: 2026 | I19: =IF(G19="Planned", "Yes", "No") -> Yes | J19: No | M19: =IF(J19="Yes", 0.9, 0.75) -> 0.75 | N19: =L19/M19 -> 0 | O19: =N19*K19 -> 0 | P19: =L19*K19 -> 0 | Q19: =O19-P19 -> 0
E20: =IF(D20="","",_xlfn.XLOOKUP(D20, 'Eligible Practice Codes'!A11:A83, 'Eligible Practice Codes'!B11:B83, "Not Found")) | F20: =IF(D20="","",_xlfn.XLOOKUP(D20, 'Eligible Practice Codes'!A11:A83, 'Eligible Practice Codes'!C11:C83, "Not Found")) | I20: =IF(G20="Planned", "Yes", "No") -> No | J20: Yes | M20: =IF(J20="Yes", 0.9, 0.75) -> 0.9 | N20: =L20/M20 -> 0 | O20: =N20*K20 -> 0 | P20: =L20*K20 -> 0 | Q20: =O20-P20 -> 0
E21: =IF(D21="","",_xlfn.XLOOKUP(D21, 'Eligible Practice Codes'!A12:A84, 'Eligible Practice Codes'!B12:B84, "Not Found")) | F21: =IF(D21="","",_xlfn.XLOOKUP(D21, 'Eligible Practice Codes'!A12:A84, 'Eligible Practice Codes'!C12:C84, "Not Found")) | I21: =IF(G21="Planned", "Yes", "No") -> No | J21: Yes | M21: =IF(J21="Yes", 0.9, 0.75) -> 0.9 | N21: =L21/M21 -> 0 | O21: =N21*K21 -> 0 | P21: =L21*K21 -> 0 | Q21: =O21-P21 -> 0
E22: =IF(D22="","",_xlfn.XLOOKUP(D22, 'Eligible Practice Codes'!A13:A85, 'Eligible Practice Codes'!B13:B85, "Not Found")) | F22: =IF(D22="","",_xlfn.XLOOKUP(D22, 'Eligible Practice Codes'!A13:A85, 'Eligible Practice Codes'!C13:C85, "Not Found")) | I22: =IF(G22="Planned", "Yes", "No") -> No | J22: Yes | M22: =IF(J22="Yes", 0.9, 0.75) -> 0.9 | N22: =L22/M22 -> 0 | O22: =N22*K22 -> 0 | P22: =L22*K22 -> 0 | Q22: =O22-P22 -> 0
E23: =IF(D23="","",_xlfn.XLOOKUP(D23, 'Eligible Practice Codes'!A14:A86, 'Eligible Practice Codes'!B14:B86, "Not Found")) | F23: =IF(D23="","",_xlfn.XLOOKUP(D23, 'Eligible Practice Codes'!A14:A86, 'Eligible Practice Codes'!C14:C86, "Not Found")) | I23: =IF(G23="Planned", "Yes", "No") -> No | J23: Yes | M23: =IF(J23="Yes", 0.9, 0.75) -> 0.9 | N23: =L23/M23 -> 0 | O23: =N23*K23 -> 0 | P23: =L23*K23 -> 0 | Q23: =O23-P23 -> 0
E24: =IF(D24="","",_xlfn.XLOOKUP(D24, 'Eligible Practice Codes'!A15:A87, 'Eligible Practice Codes'!B15:B87, "Not Found")) | F24: =IF(D24="","",_xlfn.XLOOKUP(D24, 'Eligible Practice Codes'!A15:A87, 'Eligible Practice Codes'!C15:C87, "Not Found")) | I24: =IF(G24="Planned", "Yes", "No") -> No | J24: Yes | M24: =IF(J24="Yes", 0.9, 0.75) -> 0.9 | N24: =L24/M24 -> 0 | O24: =N24*K24 -> 0 | P24: =L24*K24 -> 0 | Q24: =O24-P24 -> 0
E25: =IF(D25="","",_xlfn.XLOOKUP(D25, 'Eligible Practice Codes'!A16:A88, 'Eligible Practice Codes'!B16:B88, "Not Found")) | F25: =IF(D25="","",_xlfn.XLOOKUP(D25, 'Eligible Practice Codes'!A16:A88, 'Eligible Practice Codes'!C16:C88, "Not Found")) | I25: =IF(G25="Planned", "Yes", "No") -> No | J25: Yes | M25: =IF(J25="Yes", 0.9, 0.75) -> 0.9 | N25: =L25/M25 -> 0 | O25: =N25*K25 -> 0 | P25: =L25*K25 -> 0 | Q25: =O25-P25 -> 0
E26: =IF(D26="","",_xlfn.XLOOKUP(D26, 'Eligible Practice Codes'!A17:A89, 'Eligible Practice Codes'!B17:B89, "Not Found")) | F26: =IF(D26="","",_xlfn.XLOOKUP(D26, 'Eligible Practice Codes'!A17:A89, 'Eligible Practice Codes'!C17:C89, "Not Found")) | I26: =IF(G26="Planned", "Yes", "No") -> No | J26: Yes | M26: =IF(J26="Yes", 0.9, 0.75) -> 0.9 | N26: =L26/M26 -> 0 | O26: =N26*K26 -> 0 | P26: =L26*K26 -> 0 | Q26: =O26-P26 -> 0
E27: =IF(D27="","",_xlfn.XLOOKUP(D27, 'Eligible Practice Codes'!A18:A90, 'Eligible Practice Codes'!B18:B90, "Not Found")) | F27: =IF(D27="","",_xlfn.XLOOKUP(D27, 'Eligible Practice Codes'!A18:A90, 'Eligible Practice Codes'!C18:C90, "Not Found")) | I27: =IF(G27="Planned", "Yes", "No") -> No | J27: Yes | M27: =IF(J27="Yes", 0.9, 0.75) -> 0.9 | N27: =L27/M27 -> 0 | O27: =N27*K27 -> 0 | P27: =L27*K27 -> 0 | Q27: =O27-P27 -> 0
E28: =IF(D28="","",_xlfn.XLOOKUP(D28, 'Eligible Practice Codes'!A19:A91, 'Eligible Practice Codes'!B19:B91, "Not Found")) | F28: =IF(D28="","",_xlfn.XLOOKUP(D28, 'Eligible Practice Codes'!A19:A91, 'Eligible Practice Codes'!C19:C91, "Not Found")) | I28: =IF(G28="Planned", "Yes", "No") -> No | J28: Yes | M28: =IF(J28="Yes", 0.9, 0.75) -> 0.9 | N28: =L28/M28 -> 0 | O28: =N28*K28 -> 0 | P28: =L28*K28 -> 0 | Q28: =O28-P28 -> 0
J29: Yes | M29: =IF(J29="Yes", 0.9, 0.75) -> 0.9 | N29: =L29/M29 -> 0 | O29: =N29*K29 -> 0 | P29: =L29*K29 -> 0 | Q29: =O29-P29 -> 0
J30: Yes | M30: =IF(J30="Yes", 0.9, 0.75) -> 0.9 | N30: =L30/M30 -> 0 | O30: =N30*K30 -> 0 | P30: =L30*K30 -> 0 | Q30: =O30-P30 -> 0
M31: =IF(J31="Yes", 0.9, 0.75) -> 0.75 | N31: =L31/M31 -> 0 | O31: =N31*K31 -> 0 | P31: =L31*K31 -> 0 | Q31: =O31-P31 -> 0
M32: =IF(J32="Yes", 0.9, 0.75) -> 0.75 | N32: =L32/M32 -> 0 | O32: =N32*K32 -> 0 | P32: =L32*K32 -> 0 | Q32: =O32-P32 -> 0
M33: =IF(J33="Yes", 0.9, 0.75) -> 0.75 | N33: =L33/M33 -> 0 | O33: =N33*K33 -> 0 | P33: =L33*K33 -> 0 | Q33: =O33-P33 -> 0
M34: =IF(J34="Yes", 0.9, 0.75) -> 0.75 | N34: =L34/M34 -> 0 | O34: =N34*K34 -> 0 | P34: =L34*K34 -> 0 | Q34: =O34-P34 -> 0
M35: =IF(J35="Yes", 0.9, 0.75) -> 0.75 | N35: =L35/M35 -> 0 | O35: =N35*K35 -> 0 | P35: =L35*K35 -> 0 | Q35: =O35-P35 -> 0
M36: =IF(J36="Yes", 0.9, 0.75) -> 0.75 | N36: =L36/M36 -> 0 | O36: =N36*K36 -> 0 | P36: =L36*K36 -> 0 | Q36: =O36-P36 -> 0
M37: =IF(J37="Yes", 0.9, 0.75) -> 0.75 | N37: =L37/M37 -> 0 | O37: =N37*K37 -> 0 | P37: =L37*K37 -> 0 | Q37: =O37-P37 -> 0
M38: =IF(J38="Yes", 0.9, 0.75) -> 0.75 | N38: =L38/M38 -> 0 | O38: =N38*K38 -> 0 | P38: =L38*K38 -> 0 | Q38: =O38-P38 -> 0
M39: =IF(J39="Yes", 0.9, 0.75) -> 0.75 | N39: =L39/M39 -> 0 | O39: =N39*K39 -> 0 | P39: =L39*K39 -> 0 | Q39: =O39-P39 -> 0
M40: =IF(J40="Yes", 0.9, 0.75) -> 0.75 | N40: =L40/M40 -> 0 | O40: =N40*K40 -> 0 | P40: =L40*K40 -> 0 | Q40: =O40-P40 -> 0
M41: =IF(J41="Yes", 0.9, 0.75) -> 0.75 | N41: =L41/M41 -> 0 | O41: =N41*K41 -> 0 | P41: =L41*K41 -> 0 | Q41: =O41-P41 -> 0
M42: =IF(J42="Yes", 0.9, 0.75) -> 0.75 | N42: =L42/M42 -> 0 | O42: =N42*K42 -> 0 | P42: =L42*K42 -> 0 | Q42: =O42-P42 -> 0
... M100: =IF(J100="Yes", 0.9, 0.75) -> 0.75 | N100: =L100/M100 -> 0 | O100: =N100*K100 -> 0 | P100: =L100*K100 -> 0 | Q100: =O100-P100 -> 0

Sheet Eligible Practice Codes
A1: CODE | B1: PRACTICE | C1: UNITS
A2: 101 | B2: CNMP Design and Implementation Activity | C2: Num
A3: 102 | B3: Comprehensive Nutrient Mangament Plan | C3: Num
A4: 110 | B4: Grazing Management Plan | C4: Num
A5: 116 | B5: Soil Health Management Plan | C5: Num
A6: 138 | B6: Conservation Plan Supporting Organic Transition | C6: Num
A7: 140 | B7: Transition to Organic Design | C7: Num
A8: 148 | B8: Pollinator Habitat Design | C8: Num
A9: 157 | B9: Nutrient Management Design and Implementation Activity | C9: Num
A10: 159 | B10: Grazing Management Design | C10: Num
A11: 162 | B11: Soil Health Management System Design | C11: Num
A12: 163 | B12: Irrigation Water Management Design | C12: Num
A13: 164 | B13: Improved Management of Drainage Water Design | C13: Num
... A74: 812 | B74: Raised Beds | C74: SqFt
A77: Yes
A78: No
A80: Planned
A81: Completed

Sheet EQIP Calculator
A1: Contract Number | B1: Contract Item | C1: CODE | D1: PRACTICE | E1: Units | F1: Status | G1: Year | H1: Advance | I1: HU? | J1: Planned Amount | K1: Unit Cost | L1: Multiplier | M1: Total Cost/Unit | N1: Total Scenario Cost | O1: Payout from NRCS | P1: Estimated Payment | Q1: Estimated Maximum Patment
A2: 741218260JT | B2: 1 | C2: 216 | D2: =IF(C2="","",_xlfn.XLOOKUP(C2, 'Eligible Practice Codes'!A2:A74, 'Eligible Practice Codes'!B2:B74, "Not Found")) -> Soil Health Testing | E2: =IF(C2="","",_xlfn.XLOOKUP(C2, 'Eligible Practice Codes'!A2:A74, 'Eligible Practice Codes'!C2:C74, "Not Found")) -> Num | F2: Planned | G2: 2026 | H2: =IF(F2="Planned", "Yes", "No") -> Yes | I2: Yes | J2: 3 | K2: 624.51 | L2: =IF(I2="Yes", 0.9, 0.75) -> 0.9 | M2: =K2/L2 -> 693.9 | N2: =M2*J2 -> 2081.7 | O2: =K2*J2 -> 1873.53 | P2: =N2-O2 -> 208.17 | Q2: =SUM(P2:P14) -> 6649.5792
A3: 741218260JT | B3: 2 | C3: 217 | D3: =IF(C3="","",_xlfn.XLOOKUP(C3, 'Eligible Practice Codes'!A3:A75, 'Eligible Practice Codes'!B3:B75, "Not Found")) -> Soil and Source Testing for Nutrient Management | E3: =IF(C3="","",_xlfn.XLOOKUP(C3, 'Eligible Practice Codes'!A3:A75, 'Eligible Practice Codes'!C3:C75, "Not Found")) -> Num | F3: Planned | G3: 2026 | H3: =IF(F3="Planned", "Yes", "No") -> Yes | I3: Yes | J3: 1 | K3: 1007.99 | L3: =IF(I3="Yes", 0.9, 0.75) -> 0.9 | M3: =K3/L3 -> 1119.9889 | N3: =M3*J3 -> 1119.9889 | O3: =K3*J3 -> 1007.99 | P3: =N3-O3 -> 111.99889
A4: 741218260JT | B4: 3 | C4: 590 | D4: =IF(C4="","",_xlfn.XLOOKUP(C4, 'Eligible Practice Codes'!A4:A76, 'Eligible Practice Codes'!B4:B76, "Not Found")) -> Nutrient Management | E4: =IF(C4="","",_xlfn.XLOOKUP(C4, 'Eligible Practice Codes'!A4:A76, 'Eligible Practice Codes'!C4:C76, "Not Found")) -> Num/Ac/kSqFt | F4: Planned | G4: 2026 | H4: =IF(F4="Planned", "Yes", "No") -> Yes | I4: Yes | J4: 59.5 | K4: 37.45 | L4: =IF(I4="Yes", 0.9, 0.75) -> 0.9 | M4: =K4/L4 -> 41.611111 | N4: =M4*J4 -> 2475.8611 | O4: =K4*J4 -> 2228.275 | P4: =N4-O4 -> 247.58611
A5: 741218260JT | B5: 4 | C5: 315 | D5: =IF(C5="","",_xlfn.XLOOKUP(C5, 'Eligible Practice Codes'!A5:A77, 'Eligible Practice Codes'!B5:B77, "Not Found")) -> Herbaceous Weed Treatment | E5: =IF(C5="","",_xlfn.XLOOKUP(C5, 'Eligible Practice Codes'!A5:A77, 'Eligible Practice Codes'!C5:C77, "Not Found")) -> Ac | F5: Planned | G5: 2026 | H5: =IF(F5="Planned", "Yes", "No") -> Yes | I5: Yes | J5: 27.7 | K5: 69.22 | L5: =IF(I5="Yes", 0.9, 0.75) -> 0.9 | M5: =K5/L5 -> 76.911111 | N5: =M5*J5 -> 2130.4378 | O5: =K5*J5 -> 1917.394 | P5: =N5-O5 -> 213.04378
A6: 741218260JT | B6: 5 | C6: 315 | D6: =IF(C6="","",_xlfn.XLOOKUP(C6, 'Eligible Practice Codes'!A6:A78, 'Eligible Practice Codes'!B6:B78, "Not Found")) -> Herbaceous Weed Treatment | E6: =IF(C6="","",_xlfn.XLOOKUP(C6, 'Eligible Practice Codes'!A6:A78, 'Eligible Practice Codes'!C6:C78, "Not Found")) -> Ac | F6: Planned | G6: 2026 | H6: =IF(F6="Planned", "Yes", "No") -> Yes | I6: Yes | J6: 42.4 | K6: 68.12 | L6: =IF(I6="Yes", 0.9, 0.75) -> 0.9 | M6: =K6/L6 -> 75.688889 | N6: =M6*J6 -> 3209.2089 | O6: =K6*J6 -> 2888.288 | P6: =N6-O6 -> 320.92089
A7: 741218260JT | B7: 6 | C7: 511 | D7: =IF(C7="","",_xlfn.XLOOKUP(C7, 'Eligible Practice Codes'!A7:A79, 'Eligible Practice Codes'!B7:B79, "Not Found")) -> Forage Harvest Management | E7: =IF(C7="","",_xlfn.XLOOKUP(C7, 'Eligible Practice Codes'!A7:A79, 'Eligible Practice Codes'!C7:C79, "Not Found")) -> Ac | F7: Planned | G7: 2026 | H7: =IF(F7="Planned", "Yes", "No") -> Yes | I7: Yes | J7: 132.9 | K7: 9.49 | L7: =IF(I7="Yes", 0.9, 0.75) -> 0.9 | M7: =K7/L7 -> 10.544444 | N7: =M7*J7 -> 1401.3567 | O7: =K7*J7 -> 1261.221 | P7: =N7-O7 -> 140.13567
A8: 741218260JT | B8: 7 | C8: 590 | D8: =IF(C8="","",_xlfn.XLOOKUP(C8, 'Eligible Practice Codes'!A8:A80, 'Eligible Practice Codes'!B8:B80, "Not Found")) -> Nutrient Management | E8: =IF(C8="","",_xlfn.XLOOKUP(C8, 'Eligible Practice Codes'!A8:A80, 'Eligible Practice Codes'!C8:C80, "Not Found")) -> Num/Ac/kSqFt | F8: Planned | G8: 2027 | H8: =IF(F8="Planned", "Yes", "No") -> Yes | I8: Yes | J8: 59.5 | K8: 37.45 | L8: =IF(I8="Yes", 0.9, 0.75) -> 0.9 | M8: =K8/L8 -> 41.611111 | N8: =M8*J8 -> 2475.8611 | O8: =K8*J8 -> 2228.275 | P8: =N8-O8 -> 247.58611
A9: 741218260JT | B9: 8 | C9: 217 | D9: =IF(C9="","",_xlfn.XLOOKUP(C9, 'Eligible Practice Codes'!A9:A81, 'Eligible Practice Codes'!B9:B81, "Not Found")) -> Soil and Source Testing for Nutrient Management | E9: =IF(C9="","",_xlfn.XLOOKUP(C9, 'Eligible Practice Codes'!A9:A81, 'Eligible Practice Codes'!C9:C81, "Not Found")) -> Num | F9: Planned | G9: 2027 | H9: =IF(F9="Planned", "Yes", "No") -> Yes | I9: Yes | J9: 1 | K9: 1007.99 | L9: =IF(I9="Yes", 0.9, 0.75) -> 0.9 | M9: =K9/L9 -> 1119.9889 | N9: =M9*J9 -> 1119.9889 | O9: =K9*J9 -> 1007.99 | P9: =N9-O9 -> 111.99889
A10: 741218260JT | B10: 9 | C10: 336 | D10: =IF(C10="","",_xlfn.XLOOKUP(C10, 'Eligible Practice Codes'!A10:A82, 'Eligible Practice Codes'!B10:B82, "Not Found")) -> Soil Carbon Amendment | E10: =IF(C10="","",_xlfn.XLOOKUP(C10, 'Eligible Practice Codes'!A10:A82, 'Eligible Practice Codes'!C10:C82, "Not Found")) -> CuYd/Ac/kSqFt | F10: Planned | G10: 2027 | H10: =IF(F10="Planned", "Yes", "No") -> Yes | I10: Yes | J10: 10 | K10: 883.69 | L10: =IF(I10="Yes", 0.9, 0.75) -> 0.9 | M10: =K10/L10 -> 981.87778 | N10: =M10*J10 -> 9818.7778 | O10: =K10*J10 -> 8836.9 | P10: =N10-O10 -> 981.87778
A11: 741218260JT | B11: 10 | C11: 511 | D11: =IF(C11="","",_xlfn.XLOOKUP(C11, 'Eligible Practice Codes'!A11:A83, 'Eligible Practice Codes'!B11:B83, "Not Found")) -> Forage Harvest Management | E11: =IF(C11="","",_xlfn.XLOOKUP(C11, 'Eligible Practice Codes'!A11:A83, 'Eligible Practice Codes'!C11:C83, "Not Found")) -> Ac | F11: Planned | G11: 2027 | H11: =IF(F11="Planned", "Yes", "No") -> Yes | I11: Yes | J11: 132.9 | K11: 9.49 | L11: =IF(I11="Yes", 0.9, 0.75) -> 0.9 | M11: =K11/L11 -> 10.544444 | N11: =M11*J11 -> 1401.3567 | O11: =K11*J11 -> 1261.221 | P11: =N11-O11 -> 140.13567
A12: 741218260JT | B12: 11 | C12: 315 | D12: =IF(C12="","",_xlfn.XLOOKUP(C12, 'Eligible Practice Codes'!A12:A84, 'Eligible Practice Codes'!B12:B84, "Not Found")) -> Herbaceous Weed Treatment | E12: =IF(C12="","",_xlfn.XLOOKUP(C12, 'Eligible Practice Codes'!A12:A84, 'Eligible Practice Codes'!C12:C84, "Not Found")) -> Ac | F12: Planned | G12: 2027 | H12: =IF(F12="Planned", "Yes", "No") -> Yes | I12: Yes | J12: 31 | K12: 68.12 | L12: =IF(I12="Yes", 0.9, 0.75) -> 0.9 | M12: =K12/L12 -> 75.688889 | N12: =M12*J12 -> 2346.3556 | O12: =K12*J12 -> 2111.72 | P12: =N12-O12 -> 234.63556
A13: 741218260JT | B13: 12 | C13: 315 | D13: =IF(C13="","",_xlfn.XLOOKUP(C13, 'Eligible Practice Codes'!A13:A85, 'Eligible Practice Codes'!B13:B85, "Not Found")) -> Herbaceous Weed Treatment | E13: =IF(C13="","",_xlfn.XLOOKUP(C13, 'Eligible Practice Codes'!A13:A85, 'Eligible Practice Codes'!C13:C85, "Not Found")) -> Ac | F13: Planned | G13: 2027 | H13: =IF(F13="Planned", "Yes", "No") -> Yes | I13: Yes | J13: 59.5 | K13: 69.22 | L13: =IF(I13="Yes", 0.9, 0.75) -> 0.9 | M13: =K13/L13 -> 76.911111 | N13: =M13*J13 -> 4576.2111 | O13: =K13*J13 -> 4118.59 | P13: =N13-O13 -> 457.62111
A14: 741218260JT | B14: 13 | C14: 512 | D14: =IF(C14="","",_xlfn.XLOOKUP(C14, 'Eligible Practice Codes'!A14:A86, 'Eligible Practice Codes'!B14:B86, "Not Found")) -> Pasture and Hay Planting | E14: =IF(C14="","",_xlfn.XLOOKUP(C14, 'Eligible Practice Codes'!A14:A86, 'Eligible Practice Codes'!C14:C86, "Not Found")) -> Ac | F14: Planned | G14: 2027 | H14: =IF(F14="Planned", "Yes", "No") -> Yes | I14: Yes | J14: 70.1 | K14: 415.19 | L14: =IF(I14="Yes", 0.9, 0.75) -> 0.9 | M14: =K14/L14 -> 461.32222 | N14: =M14*J14 -> 32338.688 | O14: =K14*J14 -> 29104.819 | P14: =N14-O14 -> 3233.8688
D15: =IF(C15="","",_xlfn.XLOOKUP(C15, 'Eligible Practice Codes'!A15:A87, 'Eligible Practice Codes'!B15:B87, "Not Found")) | E15: =IF(C15="","",_xlfn.XLOOKUP(C15, 'Eligible Practice Codes'!A15:A87, 'Eligible Practice Codes'!C15:C87, "Not Found"))
D16: =IF(C16="","",_xlfn.XLOOKUP(C16, 'Eligible Practice Codes'!A16:A88, 'Eligible Practice Codes'!B16:B88, "Not Found")) | E16: =IF(C16="","",_xlfn.XLOOKUP(C16, 'Eligible Practice Codes'!A16:A88, 'Eligible Practice Codes'!C16:C88, "Not Found"))
D17: =IF(C17="","",_xlfn.XLOOKUP(C17, 'Eligible Practice Codes'!A17:A89, 'Eligible Practice Codes'!B17:B89, "Not Found")) | E17: =IF(C17="","",_xlfn.XLOOKUP(C17, 'Eligible Practice Codes'!A17:A89, 'Eligible Practice Codes'!C17:C89, "Not Found"))
D18: =IF(C18="","",_xlfn.XLOOKUP(C18, 'Eligible Practice Codes'!A18:A90, 'Eligible Practice Codes'!B18:B90, "Not Found")) | E18: =IF(C18="","",_xlfn.XLOOKUP(C18, 'Eligible Practice Codes'!A18:A90, 'Eligible Practice Codes'!C18:C90, "Not Found"))
D19: =IF(C19="","",_xlfn.XLOOKUP(C19, 'Eligible Practice Codes'!A19:A91, 'Eligible Practice Codes'!B19:B91, "Not Found")) | E19: =IF(C19="","",_xlfn.XLOOKUP(C19, 'Eligible Practice Codes'!A19:A91, 'Eligible Practice Codes'!C19:C91, "Not Found"))
D20: =IF(C20="","",_xlfn.XLOOKUP(C20, 'Eligible Practice Codes'!A20:A92, 'Eligible Practice Codes'!B20:B92, "Not Found")) | E20: =IF(C20="","",_xlfn.XLOOKUP(C20, 'Eligible Practice Codes'!A20:A92, 'Eligible Practice Codes'!C20:C92, "Not Found"))
D21: =IF(C21="","",_xlfn.XLOOKUP(C21, 'Eligible Practice Codes'!A21:A93, 'Eligible Practice Codes'!B21:B93, "Not Found")) | E21: =IF(C21="","",_xlfn.XLOOKUP(C21, 'Eligible Practice Codes'!A21:A93, 'Eligible Practice Codes'!C21:C93, "Not Found"))
D22: =IF(C22="","",_xlfn.XLOOKUP(C22, 'Eligible Practice Codes'!A22:A94, 'Eligible Practice Codes'!B22:B94, "Not Found")) | E22: =IF(C22="","",_xlfn.XLOOKUP(C22, 'Eligible Practice Codes'!A22:A94, 'Eligible Practice Codes'!C22:C94, "Not Found"))
D23: =IF(C23="","",_xlfn.XLOOKUP(C23, 'Eligible Practice Codes'!A23:A95, 'Eligible Practice Codes'!B23:B95, "Not Found")) | E23: =IF(C23="","",_xlfn.XLOOKUP(C23, 'Eligible Practice Codes'!A23:A95, 'Eligible Practice Codes'!C23:C95, "Not Found"))
D24: =IF(C24="","",_xlfn.XLOOKUP(C24, 'Eligible Practice Codes'!A24:A96, 'Eligible Practice Codes'!B24:B96, "Not Found")) | E24: =IF(C24="","",_xlfn.XLOOKUP(C24, 'Eligible Practice Codes'!A24:A96, 'Eligible Practice Codes'!C24:C96, "Not Found"))
D25: =IF(C25="","",_xlfn.XLOOKUP(C25, 'Eligible Practice Codes'!A25:A97, 'Eligible Practice Codes'!B25:B97, "Not Found")) | E25: =IF(C25="","",_xlfn.XLOOKUP(C25, 'Eligible Practice Codes'!A25:A97, 'Eligible Practice Codes'!C25:C97, "Not Found"))
D26: =IF(C26="","",_xlfn.XLOOKUP(C26, 'Eligible Practice Codes'!A26:A98, 'Eligible Practice Codes'!B26:B98, "Not Found")) | E26: =IF(C26="","",_xlfn.XLOOKUP(C26, 'Eligible Practice Codes'!A26:A98, 'Eligible Practice Codes'!C26:C98, "Not Found"))
... D50: =IF(C50="","",_xlfn.XLOOKUP(C50, 'Eligible Practice Codes'!A50:A122, 'Eligible Practice Codes'!B50:B122, "Not Found")) | E50: =IF(C50="","",_xlfn.XLOOKUP(C50, 'Eligible Practice Codes'!A50:A122, 'Eligible Practice Codes'!C50:C122, "Not Found"))

Sheet Application Questions
A1: SECTION | B1: QUESTION | C1: INSTRUCTION | D1: DROPDOWN OPTIONS
A2: 1 | B2: Farm Business Name | C2: Type the legal name of your farm business
A3: 1 | B3: First Name | C3: Type the first name of the applicant/primary point of contact for this application
A4: 1 | B4: Last Name | C4: Type the last name of the applicant/primary point of contact for this application
A5: 1 | B5: Farm Physical Street Address | C5: Type the street address of the farm
A6: 1 | B6: Farm Town | C6: Type the town the farm is located in
A7: 1 | B7: Farm ZIP | C7: Type the ZIP code of the town the farm is located in
A8: 1 | B8: Farm County | C8: Type the county that the farm is located in
A9: 1 | B9: Is your mailing address different from your Farm Physical Address | C9: Check yes or no – if YES, fill out questions 9-12. If NO type N/A in questions 9-12.
A10: 1 | B10: Mailing Street Address | C10: Type the mailing street address
A11: 1 | B11: Mailing Town | C11: Type the town of the mailing street address
A12: 1 | B12: Mailing ZIP | C12: Type the ZIP code for the town of the mailing street address
A13: 1 | B13: Mailing County | C13: Type the county for the town of the mailing street address
... A15: 1 | B15: Email Address | C15: Enter your email address, all official communication regarding your application will occur via email
A16: 2 | B16: What is the PRIMARY use of your farmland? | C16: Select ONE option that BEST describes the PRIMARY function of the SOIL you farm/manage. | D16: Mixed vegetables/small fruit (CSA/farmer’s market/market garden/farmstand/farm store/etc.) | E16: Mixed vegetables/small fruit (wholesale) | F16: Pasture (dairy) | G16: Pasture (beef cattle) | H16: Pasture (small ruminants) | I16: Pasture (poultry/eggs) | J16: Pasture (swine) | K16: Hay | L16: Orchard/vineyard (including highbush blueberry, raspberries, peaches, cranberries, elderberries, aronia, etc.) | M16: Wild blueberry | N16: Field/commodity crops (potatoes, corn, soybeans, grains, pulses, etc.) | O16: Flowers/ornamentals
A17: 2 | B17: How many acres are devoted to the PRIMARY farming use? | C17: Include ONLY acres that are in production for the PRIMARY use selected above, do not include woodlots, homestead areas, farm buildings/infrastructure etc. Type a single NUMBER.
A18: 2 | B18: What is the SECONDARY use of your farmland? | C18: Select ONE option that BEST describes the SECONDARY function of the SOIL you farm/manage. Select N/A if there is no secondary use. | D18: Mixed vegetables/small fruit (CSA/farmer’s market/market garden/farmstand/farm store/etc.) | E18: Mixed vegetables/small fruit (wholesale) | F18: Pasture (dairy) | G18: Pasture (beef cattle) | H18: Pasture (small ruminants) | I18: Pasture (poultry/eggs) | J18: Pasture (swine) | K18: Hay | L18: Orchard/vineyard (including highbush blueberry, raspberries, peaches, cranberries, elderberries, aronia, etc.) | M18: Wild blueberry | N18: Field/commodity crops (potatoes, corn, soybeans, grains, pulses, etc.) | O18: Flowers/ornamentals | P18: N/A
A19: 2 | B19: How many acres are devoted to the SECONDARY farming use? | C19: Include ONLY acres that are in production for the SECONDARY use selected above, do not include woodlots, homestead areas, farm buildings/infrastructure etc. Type a single NUMBER. Enter 0 if there is no secondary function.
A20: 2 | B20: What is the TERTIARY use of your farmland? | C20: Select ONE option that BEST describes the TERTIARY function of the SOIL you farm/manage. Select N/A if there is no tertiary use. | D20: Mixed vegetables/small fruit (CSA/farmer’s market/market garden/farmstand/farm store/etc.) | E20: Mixed vegetables/small fruit (wholesale) | F20: Pasture (dairy) | G20: Pasture (beef cattle) | H20: Pasture (small ruminants) | I20: Pasture (poultry/eggs) | J20: Pasture (swine) | K20: Hay | L20: Orchard/vineyard (including highbush blueberry, raspberries, peaches, cranberries, elderberries, aronia, etc.) | M20: Wild blueberry | N20: Field/commodity crops (potatoes, corn, soybeans, grains, pulses, etc.) | O20: Flowers/ornamentals | P20: N/A
A21: 2 | B21: How many acres are devoted to the TERTIARY farming use? | C21: Include ONLY acres that are in production for the TERTIARY use selected above, do not include woodlots, homestead areas, farm buildings/infrastructure etc. Type a single NUMBER. Enter 0 if there is no secondary function.
A22: 2 | B22: How many combined acres are devoted to your primary, secondary, and tertiary uses? | C22: Add the acres for the primary, secondary, and tertiary uses together and type that number
A23: 2 | B23: Estimate the combined gross income generated from the agricultural products produced from your primary, secondary, and tertiary farmland uses. | C23: Enter a single dollar amount, do not include symbols or commas. (EXAMPLE: 50000)
A24: 2 | B24: How many years have you been farming on the farmland described above? | C24: Enter only the amount of time you’ve been farming on the land described above, do NOT include experience on other land. Enter a single number.
A25: 3 | B25: Are you requesting payment for an EQIP or CSP contract? | C25: Select ONE option | D25: EQIP | E25: CSP
A26: 3 | B26: Contract number | C26: Enter the contract number as written on your NRCS-CPA-1155 form
A27: 3
A28: 3 | B28: Are you requesting an advance payment for work scheduled to be completed in 2026 and/or 2027 | C28: Must indicate which ones in the payment calculator
B29: Underserved definitions | C29: Do you meet these
B30: Codes not on list that address a soil resource concern according to your contract
A31: 4 | B31: Please describe how you will reinvest this incentive payment in soil health on your farm
B32: Certified organic
B33: received funding through DACF before (Farms for the Future, Soil Health Implementation Grant, No-Cost Soil Health Testing, Agricultural Development Grant, Agricultural Infrastructure Investment Program (AIIP), Agricultural Marketing Loan Fund, Dairy Improvement Fund, Farmer Drought Relief Program, Resilient Food Systems Infrastructure Program (RFSI), USDA Specialty Crop Block Grant Program)
B34: What percentage of your farmed land do you own
B35: what percentage of your farmed land do you lease
